 Dungeon Crawl Stone Soup version 0.21.1-1-g345015f (webtiles) character file.

114 lyrx the Conjurer (level 4, -2/30 HPs)
             Began as a Demonspawn Conjurer on Apr 5, 2018.
             Slain by Crazy Yiuf
             ... wielding a +4 quarterstaff of chaos
              (9 damage)
             ... on level 3 of the Dungeon.
             The game lasted 00:17:51 (3478 turns).

lyrx the Conjurer (Demonspawn Conjurer)             Turns: 3478, Time: 00:17:51

Health: -2/30      AC:  8    Str:  8    XL:     4   Next: 67%
Magic:  0/7        EV: 12    Int: 17    God:
Gold:   178        SH:  0    Dex: 14    Spells: 4/7 levels left

rFire    . . .     SeeInvis .   t - +0 mace (protect)
rCold    . . .     Gourm    .   (no shield)
rNeg     . . .     Faith    .   a - +0 robe
rPois    .         Spirit   +   (no helmet)
rElec    .         Reflect  .   (no cloak)
rCorr    .         Harm     .   (no gloves)
MR       .....                  (no boots)
Stlth    ++........             o - amulet of inaccuracy (curse)
HPRegen  0.10/turn              (no ring)
MPRegen  0.10/turn              (no ring)

@: lethally poisoned (-2 -> -11), sanguine armour, drained
A: magic shield, sanguine armour 1
a: no special abilities


You were on level 3 of the Dungeon.
You were not hungry.

You visited 1 branch of the dungeon, and saw 3 of its levels.

You collected 178 gold pieces.

Inventory:

Hand Weapons
 g - a +0 mace
 t - a +0 mace of protection (weapon)
Missiles
 h - 61 sling bullets
 j - 195 stones (quivered)
Armour
 a - a +0 robe (worn)
Jewellery
 n - a +3 amulet of reflection
 o - a cursed amulet of inaccuracy (around neck)
Scrolls
 d - a scroll of teleportation {unknown}
 i - 4 scrolls of identify
 p - a scroll of amnesia
 u - a scroll of enchant weapon {unknown}
Potions
 e - a potion of invisibility {unknown}
 l - a potion of berserk rage {unknown}
 m - a potion of haste {unknown}
 q - 2 potions of lignification {unknown}
 r - a potion of heal wounds {unknown}
 s - a potion of curing {unknown}
Books
 b - a book of Conjurations

   Spells                             Type                      Level
   a - Magic Dart                     Conjuration                  1
   b - Searing Ray                    Conjuration                  2
   c - Dazzling Spray                 Conjuration/Hexes            3
   d - Fulminant Prism                Conjuration/Hexes            4
   e - Force Lance                    Conjuration/Translocation    4
   f - Iskenderun's Mystic Blast      Conjuration                  4
 k - a book of Cantrips

   Spells                             Type                      Level
   a - Confusing Touch                Hexes                        1
   b - Animate Skeleton               Necromancy                   1
   c - Summon Small Mammal            Summoning                    1
   d - Apportation                    Translocation                1
Comestibles
 c - 11 rations


   Skills:
 - Level 1.0(0.7) Maces & Flails
 - Level 1.7(1.5) Dodging
 - Level 1.7(1.5) Stealth
 - Level 2.0(1.7) Spellcasting
 * Level 5.9(5.7) Conjurations


You had 4 spell levels left.
You knew the following spells:

 Your Spells              Type           Power        Failure   Level  Hunger
a - Magic Dart            Conj           ###.         1%          1    ##.....
b - Searing Ray           Conj           ###...       2%          2    ###....


Dungeon Overview and Level Annotations

Branches:
Dungeon (3/15)

Altars:
Qazlal
Trog
Uskayaw

Annotations:
D:3 Crazy Yiuf, Terence


Innate Abilities, Weirdness & Mutations

When hurt, damage is shared between your health and your magic reserves.
When seriously injured, your bleeding wounds create armour. (AC +6)


Message History

Crazy Yiuf is almost dead.
You feel sick.
Crazy Yiuf cries, "Dawk tired sizzlefizz!"
Crazy Yiuf hits you with a quarterstaff of chaos.
* * * LOW HITPOINT WARNING * * *
You feel drained.
* * * LOW HITPOINT WARNING * * *
You feel sick.
Crazy Yiuf says, "Adder!
Fire bush high."
Casting: Searing Ray
Confirm with . or Enter, or press ? or * to list all spells.
Aiming: Magic Dart
Press: ? - help, Shift-Dir - straight line, f/p - Crazy Yiuf
Aim: Crazy Yiuf, wielding a quarterstaff of chaos and wearing a cloak (almost dead, unusually agile)
The magic dart hits Crazy Yiuf.
Crazy Yiuf is almost dead.
* * * LOW HITPOINT WARNING * * *
You feel sick.
Crazy Yiuf hits you with a quarterstaff of chaos!
You die...

#.#.#.###.##########......
#.#........÷......)..#####
# #################..#####
#....... ##.#.... ####♣♣
### ##....### ##))))♣♣
♣♣#..)# #.......#
#..))))♣♣♣♣g'...#
##..)[...
##.))))).♣.@♣#...#
##..#### #..#))♣.♣.♣♣♣ ###
#..# ######.####♣♣♣♣♣ #..#
.......### #..#
.......†.## ##### #..####
#####.###)## ##...#
#...... #.# ##.###.#.##
#.#.#.# #.# ##.#.##.#
#.).... #.# ##.###.#
####..#


You could see Crazy Yiuf.

Vanquished Creatures
  4 adders
  2 oozes
  A worm (D:2)
  A dart slug (D:1)
  4 leopard geckos
  An orc (D:3)
  4 bats
  2 giant cockroaches
  11 goblins
  8 hobgoblins
  6 jackals
  4 kobolds
  A quokka (D:2)
  5 frilled lizards
  4 rats
58 creatures vanquished.

Notes
Turn   | Place    | Note
-------+----------+-------------------------------------------
     0 | D:1      | lyrx the Demonspawn Conjurer began the quest for the Orb.
     0 | D:1      | Reached XP level 1. HP: 13/13 MP: 3/3
   299 | D:1      | Gained mutation: When seriously injured, your bleeding wounds create armour. (AC +6) [demonic ancestry]
   299 | D:1      | Reached XP level 2. HP: 1/19 MP: 0/5
   882 | D:1      | Learned a level 2 spell: Searing Ray
  1392 | D:2      | Reached XP level 3. HP: 20/24 MP: 4/6
  1499 | D:2      | Reached skill level 5 in Conjurations
  1657 | D:2      | Found a faded altar of an unknown god.
  1917 | D:2      | Found a stormy altar of Qazlal.
  2105 | D:2      | Found a hide-covered altar of Uskayaw.
  2505 | D:3      | Found a bloodstained altar of Trog.
  2576 | D:3      | Gained mutation: When hurt, damage is shared between your health and your magic reserves. [demonic ancestry]
  2576 | D:3      | Reached XP level 4. HP: 19/30 MP: 2/7
  2615 | D:3      | Reached skill level 1 in Maces & Flails
  2908 | D:3      | Noticed Terence
  3464 | D:3      | Found a runed door.
  3468 | D:3      | Noticed Crazy Yiuf
  3478 | D:3      | Slain by Crazy Yiuf

Skill      XL: |  1  2  3  4 |
---------------+-------------+-----
Conjurations   | 5 |  5.9
Maces & Flails | 1 |  1.0
Dodging        | |  1.7
Stealth        | |  1.7
Spellcasting   | |  2.0

Action                   |  1- 3 |  4- 6 || total
-------------------------+-------+-------++-------
Melee: Club              |    12 |       ||    12
       Mace              |    62 |    37 ||    99
Throw: Stone             |       |     1 ||     1
 Cast: Magic Dart        |    67 |    20 ||    87
       Searing Ray       |     2 |     5 ||     7
  Use: Scroll            |     4 |       ||     4
 Stab: Sleeping          |     2 |     2 ||     4
  Eat: Chunk             |     6 |     4 ||    10
Armor: Robe              |    20 |     9 ||    29
Dodge: Dodged            |    60 |    25 ||    85
Block: Other             |     2 |     1 ||     3
